 Dungeon Crawl Stone Soup version 0.31.0-11-ge490571c62 (webtiles) character file.

Game seed: 14406721379545326633

261 qw the Shooter (level 5, 0/26 HPs)
             Began as a Spriggan Hunter on Feb 4, 2024.
             Succumbed to a scorpion's poison
             ... on level 4 of the Dungeon.
             The game lasted 00:00:09 (2624 turns).

qw the Shooter (Spriggan Hunter)                    Turns: 2624, Time: 00:00:10

Health: 0/26       AC:  2    Str:  7    XL:     5   Next: 96%
Magic:  3/6        EV: 20    Int: 10    God:
Gold:   93         SH:  0    Dex: 21    Spells: 4/4 levels left

rFire   . . .        a - +0 shortbow
rCold   . . .        (shield currently unavailable)
rNeg    . . .        c - +0 robe
rPois   .            (helmet restricted)
rElec   .            (no cloak)
rCorr   .            (gloves unavailable)
SInv    +            (boots unavailable)
Will    .....        i - amulet of guardian spirit
Stlth   ++           (no ring)
HPRegen 0.24/turn    (no ring)
MPRegen 0.10/turn

%: guardian spirit
@: lethally poisoned (0 -> -4), very quick
A: very small, no large weapons, unfitting armour, see invisible, speed 3
a: no special abilities


You were on level 4 of the Dungeon.
You visited 1 branch of the dungeon, and saw 4 of its levels.

You collected 93 gold pieces.


Innate Abilities, Weirdness & Mutations

You are very small and have problems with some larger weapons.
You are too small for most types of armour.
You have supernaturally acute eyesight. (SInv)
You cover ground extremely quickly. (Speed+++)


   Skills:
 - Level 2.2 Fighting
 - Level 6.1 Ranged Weapons
 + Level 5.0 Dodging
 - Level 1.5 Stealth


You had 4 spell levels left.
You didn't know any spells.
Your spell library was empty.

Inventory:

Hand Weapons
 a - a +0 shortbow (weapon)
Armour
 c - a +0 robe (worn)
Jewellery
 i - an amulet of guardian spirit (around neck)
Wands
 k - a wand of flame (9)
 o - a wand of mindburst (15)
Scrolls
 f - 2 scrolls of teleportation
Potions
 d - a potion of enlightenment
 h - a potion of lignification {unknown}
 m - a potion of haste {unknown}

Dungeon Overview and Level Annotations

Branches:
Dungeon (4/15)
 Temple: D:4-7

Altars:
Kikubaaqudgha
Xom
Zin


Message History

The scorpion stings you.
The scorpion stings you but does no damage.
You shoot an arrow.
The arrow hits the scorpion but does no damage.
The scorpion is heavily wounded.
The scorpion closely misses you.
You shoot an arrow.
The arrow hits the scorpion but does no damage.
The scorpion is heavily wounded.
The scorpion closely misses you.
You shoot an arrow. The arrow hits the scorpion.
The scorpion is severely wounded.
The scorpion closely misses you.
You shoot an arrow.
The arrow hits the scorpion but does no damage.
The scorpion is severely wounded.
The scorpion closely misses you. The scorpion completely misses you.
You shoot an arrow. The arrow closely misses the scorpion.
The scorpion misses you.
You shoot an arrow.
The arrow completely misses the scorpion.
The scorpion completely misses you.
You shoot an arrow.
The arrow hits the scorpion but does no damage.
The scorpion is severely wounded.
The scorpion stings you.
You are lethally poisoned!
The scorpion poisons you! The scorpion barely misses you.
You shoot an arrow. The arrow hits the scorpion.
You kill the scorpion!
You feel very sick.
Your Ranged Weapons skill increases to level 6!
There is a lethal amount of poison in your body!
You feel sick.
There is a lethal amount of poison in your body!
You feel sick.
There is a lethal amount of poison in your body!
You feel sick.
There is a lethal amount of poison in your body!
You die...

.. #... .....
... ##..# .....
...##...##....#
...............
....)..........
...............
............#
.......@....#
.............#
............##
...............
...[.......####
..#####..... .
#.....# ......#


There were no monsters in sight!

Vanquished Creatures
  A scorpion (D:4)
  Jessica (D:2)
  Natasha (thrice) (D:3)
  3 adders
  A dart slug (D:2)
  A ribbon worm (D:2)
  4 orcs
  6 ball pythons
  6 bats
  6 endoplasms
  3 giant cockroaches
  7 goblins
  2 hobgoblins (D:1)
  8 jackals
  5 quokkas
  2 frilled lizards
  5 kobolds
  4 rats
68 creatures vanquished.

Notes
Turn   | Place    | Note
-------+----------+-------------------------------------------
     0 | D:1      | qw the Spriggan Hunter began the quest for the Orb.
     0 | D:1      | Reached XP level 1. HP: 10/10 MP: 2/2
     0 | D:1      | 0 ||| qw: Version: 0.3-a-160-g6735b56
     0 | D:1      | 0 ||| qw: Game counter: 5250
     0 | D:1      | 0 ||| qw: Melee chars always use a shield: true
     0 | D:1      | 0 ||| qw: God list: Okawaru
     0 | D:1      | 0 ||| qw: Allow faded altars: false
     0 | D:1      | 0 ||| qw: Do Orc after clearing Dungeon:15 true
     0 | D:1      | 0 ||| qw: Do second Lair branch before Depths: true
     0 | D:1      | 0 ||| qw: Lair rune preference: random
     0 | D:1      | 0 ||| qw: Goals: Normal
     0 | D:1      | 0 ||| PLANNING D:1-11
    64 | D:1      | Reached skill level 3 in Dodging
   217 | D:1      | Reached XP level 2. HP: 10/14 MP: 3/3
   275 | D:1      | HP: 3/14 [frozen (2)]
   571 | D:1      | Found a faded altar of an unknown god.
   625 | D:1      | Reached XP level 3. HP: 18/18 MP: 4/4
   753 | D:1      | 753 ||| READING scroll labelled LUITHR LIRATIEFO.
   757 | D:1      | 757 ||| DROPPING scroll of butterflies.
  1208 | D:2      | Reached skill level 5 in Ranged Weapons
  1228 | D:2      | Noticed Jessica
  1232 | D:2      | Killed Jessica
  1233 | D:2      | Reached XP level 4. HP: 12/22 MP: 5/5
  1572 | D:2      | 1572 ||| READING scroll labelled LOFEUTEIBI.
  1578 | D:3      | 1578 ||| STAIRDANCE
  1582 | D:3      | 1582 ||| STAIRDANCE
  1586 | D:3      | 1586 ||| STAIRDANCE
  1641 | D:3      | Noticed Natasha
  1646 | D:3      | Killed Natasha
  1650 | D:3      | Found a glowing silver altar of Zin.
  1650 | D:3      | Noticed an angel
  1653 | D:3      | Found a shimmering altar of Xom.
  1700 | D:3      | Reached XP level 5. HP: 26/26 MP: 6/6
  1825 | D:3      | Noticed Natasha
  1832 | D:3      | Killed Natasha
  2209 | D:3      | Found an ancient bone altar of Kikubaaqudgha.
  2241 | D:3      | Noticed Natasha
  2250 | D:3      | Killed Natasha
  2428 | D:3      | 2428 ||| UPGRADING to amulet of guardian spirit.
  2433 | D:3      | 2433 ||| READING scroll labelled UVUSMO ITAFA.
  2534 | D:3      | 2534 ||| READING 2 scrolls labelled COKIAR RAUZOAC.
  2534 | D:3      | 2534 ||| IDENTIFYING bubbling purple potion
  2535 | D:3      | 2535 ||| READING scroll of identify.
  2535 | D:3      | 2535 ||| IDENTIFYING golden potion
  2536 | D:3      | 2536 ||| READING scroll labelled LAL XOOTAPP.
  2537 | D:3      | 2537 ||| READING scroll labelled NUELOAMALI.
  2538 | D:3      | 2538 ||| READING scroll labelled VAACHU WUMUMOT.
  2539 | D:3      | 2539 ||| DROPPING potion of berserk rage.
  2620 | D:4      | HP: 5/26 [poisoned by a scorpion]
  2621 | D:4      | Reached skill level 6 in Ranged Weapons
  2623 | D:4      | HP: 1/26 [poisoned by a scorpion]
  2624 | D:4      | Succumbed to a scorpion's poison

Levels and vault maps discovered:
D:1:      heliophobic_arrival_ceremonial_halls, layout_basic,
          shapermc_ecumenical_altar_mp_highgroup
D:2:      layout_basic, uniq_jessica
D:3:      layout_loops_ring, grunt_temple_overflow_order_and_chaos_1,
          kiku_gazebo_pond_becter, uniq_natasha
D:4:      layout_cave_pools, amcnicky_altar_gilded, uniq_pikel, uniq_sigmund,
          uniq_menkaure

Skill      XL: |  1  2  3  4  5 |
---------------+----------------+-----
Dodging        | 3 4 5 |  5.0
Ranged Weapons | 5 6 |  6.1
Fighting       | 2 |  2.2
Stealth        | |  1.5

Action                     |  1- 3 |  4- 6 || total
---------------------------+-------+-------++-------
   Fire: Shortbow          |   113 |    85 ||   198
    Use: Scroll            |     1 |     7 ||     8
 Armour: Robe              |    14 |    16 ||    30
  Dodge: Dodged            |    58 |    39 ||    97

Table legend:
 A = Non-vault XP
 B = Vault XP
 C = Vault XP percentage of total XP
 D = Non-vault monster count
 E = Vault monster count
 F = Vault count percentage of total count
                 A         B        C        D         E       F
            +---------+---------+-------+---------+---------+-------
      Total |     301 |      72 |  19.3 |      66 |       2 |   2.9
            +---------+---------+-------+---------+---------+-------
        D:1 |      42 |       0 |   0.0 |      24 |       0 |   0.0
        D:2 |      78 |      37 |  32.2 |      28 |       1 |   3.4
        D:3 |     100 |      35 |  25.9 |      12 |       1 |   7.7
        D:4 |      81 |       0 |   0.0 |       2 |       0 |   0.0
            +---------+---------+-------+---------+---------+-------
